 Dungeon Crawl Stone Soup version 0.29.1-2-gbd0b4ee654 (webtiles) character file.

Game seed: 16967525225726922568

26279 MajorAdolf the Covert (level 13, -8/121 HPs)
             Began as a Naga Wanderer on Nov 10, 2022.
             Was an Initiate of Gozag.
             Mangled by a polar bear (9 damage)
             ... on level 4 of the Lair of Beasts on Nov 27, 2022.
             The game lasted 01:07:59 (26170 turns).

MajorAdolf the Covert (Naga Wanderer)              Turns: 26170, Time: 01:08:01

Health: -8/121     AC: 13    Str: 11    XL:     13   Next: 25%
Magic:  2/20       EV:  7    Int: 22    God:    Gozag
Gold:   1148       SH: 14    Dex: 13    Spells: 11/22 levels left

rFire   . . .      SeeInvis +   u - +2 dagger (venom)
rCold   . . .      Faith    .   q - +0 kite shield
rNeg    . . .      Spirit   .   d - +1 leather armour of Bom Hudd {rElec Will+}
rPois   +          Reflect  +   D - +2 hat {Int+3}
rElec   +          Harm     .   r - +0 cloak {Will+}
rCorr   .          Rampage  .   (no gloves)
Will    +++..                   (no barding)
Stlth   ++++++....              V - amulet of reflection
HPRegen 0.30/turn               X - ring of wizardry
MPRegen 0.17/turn               g - +4 ring of protection

@: gold aura, studying Staves, very slow
A: AC +4, large, see invisible, deformed body, poison resistance, slowness 2,
spit poison 1, naga tail 2
a: Spit Poison, Renounce Religion, Potion Petition, Call Merchant, Bribe Branch


You were on level 4 of the Lair of Beasts.
You worshipped Gozag.
Gozag was most pleased with you.
You visited 4 branches of the dungeon, and saw 17 of its levels.
You also visited: Sewer.

You collected 2455 gold pieces.
You spent 556 gold pieces at shops.
You paid 751 gold pieces to Gozag.

Inventory:

Hand Weapons
 s - a +2 dagger of holy wrath
 u - a +2 dagger of venom (weapon)
 S - a +4 scimitar of flaming
Missiles
 t - 22 poisoned darts
 B - a throwing net
Armour
 d - the +1 leather armour of Bom Hudd (worn) {rElec Will+}
   (You bought it in a shop on level 2 of the Lair of Beasts)

   rElec:     It insulates you from electricity.
   Will:      It increases your willpower.
 q - a +0 kite shield (worn)
 r - a +0 cloak of willpower (worn)
 D - a +2 hat of intelligence (worn)
 E - a scarf of invisibility
Magical Staves
 e - a staff of conjuration
 i - a staff of air
 O - a staff of poison
Jewellery
 a - a +6 ring of intelligence
 g - a +4 ring of protection (right hand)
 n - a ring of positive energy
 C - a ring of protection from fire
 T - a ring of positive energy
 V - an amulet of reflection (around neck)
 X - a ring of wizardry (left hand)
 Z - a +4 ring of protection
Wands
 b - a wand of flame (33)
 F - a wand of iceblast (39)
 G - a wand of paralysis (29)
 R - a wand of polymorph (4)
Scrolls
 h - 5 scrolls of teleportation
 j - 4 scrolls of blinking
 p - a scroll of summoning
 w - 2 scrolls of poison
 y - 2 scrolls of enchant weapon
 z - 3 scrolls of fear
 A - 2 scrolls of magic mapping
 H - 2 scrolls of identify
 L - a scroll of vulnerability
 N - a scroll of butterflies
 P - a scroll of amnesia
 Q - a scroll of torment
Potions
 c - 7 potions of curing
 f - 3 potions of lignification
 k - 10 potions of haste
 l - 3 potions of attraction
 m - 3 potions of brilliance
 o - 2 potions of ambrosia {unknown}
 v - a potion of cancellation {unknown}
 x - 4 potions of magic
 I - a potion of berserk rage {unknown}
 J - a potion of resistance {unknown}
 K - a potion of mutation {unknown}
 M - 2 potions of invisibility {unknown}
 U - a potion of flight {unknown}
 W - a potion of might
 Y - a potion of heal wounds {unknown}


   Skills:
 + Level 9.4 Fighting
 - Level 5.0(7.0) Polearms
 + Level 7.6(8.3) Staves
 + Level 14.8 Stealth
 + Level 6.2 Shields
 - Level 5.0 Spellcasting
 - Level 3.0 Conjurations
 - Level 2.0 Summonings
 - Level 8.0 Translocations
 - Level 3.0 Transmutations
 - Level 3.0 Fire Magic
 - Level 3.0 Air Magic
 + Level 11.3 Poison Magic
 + Level 5.4 Evocations


You had 11 spell levels left.
You knew the following spells:

 Your Spells              Type           Power      Damage    Failure   Level
a - Summon Small Mammal   Summ           56%        N/A       4%          1
b - Mephitic Cloud        Conj/Pois/Air  30%        N/A       3%          3
c - Ignite Poison         Fire/Tmut/Pois 30%        N/A       3%          3
d - Passage of Golubria   Tloc           40%        N/A       4%          4

Your spell library contained the following spells:

 Spells                   Type           Power      Damage    Failure   Level
 Magic Dart               Conj           72%        1d6       3%          1
 Call Imp                 Summ           14%        N/A       8%          2
 Necrotise                Necr           20%        1d5       12%         1
 Call Canine Familiar     Summ           14%        N/A       16%         3
 Dazzling Flash           Conj/Hex       24%        N/A       17%         3
 Stone Arrow              Conj/Erth      24%        3d8       17%         3
 Frozen Ramparts          Ice            10%        1d2       32%         3
 Tukima's Dance           Hex            5%         N/A       32%         3
 Vampiric Draining        Necr           5%         2d6       32%         3
 Ice Form                 Ice/Tmut       12%        N/A       50%         4
 Animate Armour           Summ/Erth      18%        N/A       56%         4
 Summon Ice Beast         Ice/Summ       9%         N/A       56%         4
 Freezing Cloud           Conj/Ice/Air   7%         6-21      77%         5
 Silence                  Hex/Air        6%         N/A       82%         5
 Yara's Violent Unravell  Hex/Tmut       6%         3d5       82%         5
 Agony                    Necr           5%         N/A       95%         5
 Lehudib's Crystal Spear  Conj/Erth      6%         10d3      100%        8


Dungeon Overview and Level Annotations

Branches:
Dungeon (11/15)            Temple (1/1) D:7            Lair (4/5) D:11
  Swamp (0/4) Lair:2       Spider (1/4) Lair:2        Sewer (visited)
  Slime: Lair:4-5       Orc: D:9-12

Altars:
Ashenzari
Cheibriados
Dithmenos
Elyvilon
Fedhas
Gozag
Hepliaklqana
Kikubaaqudgha
Makhleb
Nemelex Xobeh
Okawaru
Qazlal
Ru
Sif Muna
Trog
Uskayaw
Vehumet
Wu Jian
Xom
Yredelemnul
Zin
The Shining One

Shops:
D:7 [   Lair:2 [

Annotations:
D:2 exclusion: downstairs
D:4 1 runed translucent door, exclusion: phantom, Crazy Yiuf


Innate Abilities, Weirdness & Mutations

Your serpentine skin is tough. (AC +4)
You have supernaturally acute eyesight. (SInv)
Armour fits poorly on your strangely shaped body.
Your system is resistant to poisons. (rPois)
You cover ground very slowly.
You can spit poison.
You can use your snake-like lower body to constrict enemies.


Message History

The six-headed hydra bites you.
The six-headed hydra bites you but does no damage. x2
The six-headed hydra bites you.
You block the six-headed hydra's attack.
The wolf barely misses you. The wolf attacks as you move away!
The wolf bites you but does no damage.
You enter the passage of Golubria.
The wolf is no longer distracted by gold.
You block the wolf's attack. The wolf bites you but does no damage.
There is a passage of Golubria here.
The wolf attacks as you move away! The wolf bites you.
You enter the passage of Golubria.
The wolf bites you but does no damage. x2
The six-headed hydra bites you!
* * * LOW HITPOINT WARNING * * *
The six-headed hydra bites you!
* * * LOW HITPOINT WARNING * * *
You block the six-headed hydra's attack. x2
The six-headed hydra bites you but does no damage. x2
The wolf bites you but does no damage.
There is a passage of Golubria here.
You hit the wolf.
The wolf looks even sicker.
You grab the wolf.
The wolf is almost dead.
You constrict the wolf.
You kill the wolf!
The wolf is distracted by your dazzling golden aura.
You block the wolf's attack. The wolf bites you but does no damage.
The six-headed hydra bites you.
* * * LOW HITPOINT WARNING * * *
You block the six-headed hydra's attack.
The six-headed hydra bites you.
* * * LOW HITPOINT WARNING * * *
The six-headed hydra completely misses you.
The six-headed hydra bites you.
* * * LOW HITPOINT WARNING * * *
You block the six-headed hydra's attack.
You block the wolf's attack. The wolf bites you.
* * * LOW HITPOINT WARNING * * *
The polar bear bites you!
You die...
Your body crumbles into a pile of gold.

## .. ... ###### .#
#..+###.##.### ###.#
##.......[...# ....#
#..$..^...^.#### ####+..P.
.....<.hDhh§'..###........
~~......h@$.##..##........
~~~...$.$....#....'.......
≈≈≈~........#######.......
≈≈≈~........# #.......
~≈≈≈~.......# ##.......
~~≈≈≈...+.### #........
≈≈≈≈~....## ###.#....
≈≈≈≈~.##. #...#.... ≈~~~..
. ##.....#..


You could see a six-headed hydra, a polar bear and 3 wolves.

Vanquished Creatures
  Gastronok (Lair:2)
  3 hydras
  Erica (D:10)
  2 two-headed ogres
  3 death yaks (Lair:3)
  A wolf spider (Lair:2)
  An elephant (D:11)
  A torpor snail (Lair:4)
  A black mamba (Lair:2)
  3 cane toads
  2 komodo dragons
  A rime drake (Lair:2)
  2 polar bears
  2 trolls (D:11)
  6 blink frogs
  Prince Ribbit (D:6)
  3 jumping spiders (Lair:2)
  3 dream sheep
  40 yaks
  2 shadows
  6 wyverns
  A wraith (D:11)
  3 basilisks
  A steam dragon (D:10)
  Menkaure (D:4)
  Edmund (D:5)
  Duvessa (D:5)
  8 water moccasins
  2 acid dragons
  2 orc warriors
  2 ice beasts
  2 sky beasts
  3 black bears
  8 wolves
  6 centaurs
  A gnoll sergeant (D:10)
  3 kobold brigands
  A necrophage (D:8)
  11 bullfrogs
  2 scorpions (D:6)
  13 wights
  Dowan (D:5)
  5 killer bees (D:9)
  A crimson imp (D:6)
  An orc priest (D:8)
  4 hounds
  A gnoll bouda (D:8)
  2 jellies
  Terence (D:3)
  5 iguanas
  5 orc wizards
  20 adders
  9 gnolls
  3 river rats (Sewer)
  2 white imps (D:5)
  4 ufetubi
  4 worms
  A dart slug (D:2)
  13 orcs
  10 endoplasms
  2 giant cockroaches
  7 goblins
  3 hobgoblins
  7 jackals (Sewer)
  5 quokkas
  7 ball pythons
  6 bats
  4 frilled lizards
  15 kobolds
  10 rats
315 creatures vanquished.

Vanquished Creatures (others)
  4 dream sheep (D:9)
  28 fungi
  50 plants
82 creatures vanquished.

Grand Total: 397 creatures vanquished

Notes
Turn   | Place    | Note
-------+----------+-------------------------------------------
     0 | D:1      | MajorAdolf the Naga Wanderer began the quest for the Orb.
     0 | D:1      | MajorAdolf set off with the following items: a +2 spear, a
                  | wand of flame (5), a potion of curing, a +0 robe; and the
                  | following spell memorised: Summon Small Mammal; and the
                  | following spells available to memorise: Call Canine
                  | Familiar.
     0 | D:1      | Reached XP level 1. HP: 15/15 MP: 2/2
    43 | D:1      | Reached skill level 1 in Stealth
   143 | D:1      | Reached skill level 2 in Stealth
   166 | D:1      | Reached XP level 2. HP: 22/22 MP: 3/3
   295 | D:1      | Found a faded altar of an unknown god.
   314 | D:1      | Reached skill level 3 in Stealth
  1306 | D:2      | Reached XP level 3. HP: 30/30 MP: 4/4
  1553 | D:2      | Learned a level 3 spell: Mephitic Cloud
  1580 | D:2      | Reached skill level 4 in Stealth
  1799 | D:2      | Reached skill level 1 in Poison Magic
  1980 | D:2      | Reached skill level 1 in Fighting
  2342 | D:2      | Reached XP level 4. HP: 38/38 MP: 5/5
  3094 | D:3      | Reached skill level 1 in Conjurations
  3458 | D:3      | Reached skill level 1 in Air Magic
  3616 | D:3      | Noticed Terence
  4136 | D:4      | Found a glowing drain.
  4156 | D:4      | Noticed a black bear
  4169 | D:4      | Killed a black bear
  4170 | D:4      | Reached XP level 5. HP: 39/45 MP: 7/7
  4181 | D:4      | Reached skill level 5 in Stealth
  4195 | Sewer    | Entered a sewer
  4541 | Sewer    | Reached XP level 6. HP: 52/52 MP: 8/8
  5489 | D:4      | Learned a level 3 spell: Ignite Poison
  5914 | D:4      | Found a runed translucent door.
  5915 | D:4      | Noticed Crazy Yiuf
  6003 | D:4      | Noticed Menkaure
  6020 | D:4      | Killed Menkaure
  6021 | D:4      | Reached skill level 1 in Fire Magic
  6021 | D:4      | Reached XP level 7. HP: 40/61 MP: 10/10
  6351 | D:5      | Entered Level 5 of the Dungeon
  6445 | D:5      | Reached skill level 6 in Stealth
  6584 | D:5      | Found a sacrificial altar of Ru.
  6670 | D:5      | Noticed Duvessa
  6670 | D:5      | Noticed Dowan
  6683 | D:5      | Killed Duvessa
  6710 | D:5      | Killed Dowan
  6711 | D:5      | Reached XP level 8. HP: 51/69 MP: 8/12
  6814 | D:5      | Noticed Edmund
  7201 | D:3      | Killed Terence
  7297 | D:5      | Found a glowing silver altar of Zin.
  7576 | D:5      | Killed Edmund
  7577 | D:5      | Reached skill level 7 in Stealth
  7577 | D:5      | Reached skill level 1 in Transmutations
  8825 | D:6      | Noticed a yak
  8825 | D:6      | Noticed a yak
  8825 | D:6      | Noticed a yak
  8825 | D:6      | Noticed a yak
  8825 | D:6      | Noticed a yak
  8825 | D:6      | Noticed a yak
  8830 | D:5      | Killed a yak
  8832 | D:5      | Killed a yak
  8832 | D:5      | Killed a yak
  8833 | D:5      | Reached skill level 8 in Stealth
  8833 | D:5      | Reached XP level 9. HP: 21/79 MP: 7/15
  9138 | D:6      | Reached skill level 5 in Poison Magic
  9216 | D:6      | Learned a level 4 spell: Passage of Golubria
  9477 | D:6      | Found a burning altar of Makhleb.
  9539 | D:6      | Noticed Prince Ribbit
  9547 | D:6      | Killed Prince Ribbit
  9548 | D:6      | Reached skill level 1 in Translocations
  9575 | D:6      | Reached skill level 5 in Fighting
  9678 | D:6      | Reached skill level 9 in Stealth
  9976 | D:6      | Found an ancient bone altar of Kikubaaqudgha.
 10053 | D:6      | Reached skill level 5 in Spellcasting
 10454 | D:6      | Reached XP level 10. HP: 91/91 MP: 10/17
 10517 | D:6      | Found a snail-covered altar of Cheibriados.
 10564 | D:7      | Found a staircase to the Ecumenical Temple.
 10572 | D:7      | Reached skill level 10 in Stealth
 10676 | Temple   | Entered the Ecumenical Temple
 10919 | Temple   | Became a worshipper of Gozag Ym Sagoz the Greedy
 11875 | D:7      | Found Wuqonont's Antique Armour Boutique.
 11891 | D:7      | Bought a kite shield for 121 gold pieces
 12481 | D:7      | Reached skill level 1 in Shields
 12675 | D:8      | Reached skill level 11 in Stealth
 13726 | D:8      | Found a broken altar of Ashenzari.
 14266 | D:9      | Found a shimmering altar of Xom.
 14420 | D:9      | Reached skill level 5 in Translocations
 14774 | D:9      | Noticed a two-headed ogre
 14779 | D:9      | Killed a two-headed ogre
 14902 | D:9      | Noticed a lindwurm
 15011 | D:9      | Noticed a lindwurm
 15036 | D:10     | Entered Level 10 of the Dungeon
 15108 | D:10     | Reached XP level 11. HP: 91/100 MP: 14/18
 15123 | D:10     | Reached skill level 12 in Stealth
 15243 | D:10     | Noticed Erica
 15250 | D:10     | Killed Erica
 15648 | D:10     | Found a glowing golden altar of the Shining One.
 15992 | D:10     | Identified the +1 leather armour "Teng" {Dex+6 SInv}
 16473 | D:11     | Noticed a two-headed ogre
 17162 | D:11     | Identified a scroll of acquirement
 17163 | D:11     | Acquired a staff of poison
 17228 | D:11     | Reached skill level 1 in Staves
 17300 | D:11     | Killed a two-headed ogre
 17704 | D:11     | Found a staircase to the Lair.
 17881 | D:11     | Reached skill level 13 in Stealth
 18332 | Lair:1   | Entered Level 1 of the Lair of Beasts
 18621 | D:11     | Reached XP level 12. HP: 69/111 MP: 9/19
 18993 | Lair:1   | Identified the +0 ring mail of Gozag's Delight {rF+ Will+}
 19291 | Lair:1   | Noticed a four-headed hydra
 19306 | Lair:1   | Killed a two-headed hydra
 19307 | Lair:1   | Reached skill level 10 in Poison Magic
 19828 | Lair:2   | Bought a fading leather armour for 210 gold pieces
 19828 | Lair:2   | Identified the +1 leather armour of Bom Hudd {rElec Will+}
                  | (You bought it in a shop on level 2 of the Lair of Beasts)
 19828 | Lair:2   | Bought an embroidered cloak for 225 gold pieces
 20349 | Lair:1   | Reached skill level 5 in Shields
 20781 | Lair:2   | Reached skill level 5 in Staves
 21355 | Lair:2   | Found a staircase to the Swamp.
 21393 | Lair:2   | Noticed a six-headed hydra
 21396 | Lair:2   | Noticed Gastronok
 21403 | Lair:2   | HP: 4/112 [six-headed hydra (6)]
 21404 | Lair:2   | Killed a six-headed hydra
 22398 | Lair:2   | Reached skill level 14 in Stealth
 22635 | Lair:2   | Found a hole to the Spider Nest.
 22756 | Spider:1 | Entered Level 1 of the Spider Nest
 23503 | Lair:2   | Killed Gastronok
 24830 | Lair:3   | Noticed a death yak
 24951 | Lair:3   | Noticed a death yak
 25168 | Lair:3   | Noticed a death yak
 25171 | Lair:3   | Gained mutation: You can use your snake-like lower body to
                  | constrict enemies. [Naga growth]
 25171 | Lair:3   | Reached XP level 13. HP: 114/121 MP: 16/20
 25187 | Lair:3   | Reached skill level 5 in Evocations
 26170 | Lair:4   | HP: 6/121 [six-headed hydra (5)]
 26170 | Lair:4   | HP: 1/121 [wolf (5)]
 26170 | Lair:4   | Mangled by a polar bear

Illustrated notes

Levels and vault maps discovered:
D:1:      lightli_arrival_windingriver, layout_rooms,
          dreamdust_ecumenical_altar_statues, minmay_misc_feat_hallway
D:2:      layout_basic, serial_co_window_serial, co_window_corner_a,
          co_window_corner_a, co_window_paths_a, co_window_corner_a,
          co_window_paths_a, co_window_paths_a, co_window_paths_a,
          co_window_corner_a, co_window_corner_a, co_window_corner_b,
          co_window_broadway_a, co_window_unsneaky_path_c,
          co_window_unsneaky_path_d, co_window_corner_b,
          co_window_unsneaky_path_d, co_window_corner_cb, glass_columns_b,
          glass_columns_c, glass_columns_b, glass_columns_b,
          minmay_rat_gold_closets
D:3:      layout_basic, uniq_terence
D:4:      layout_loops_ring, cheibrodos_sewer_entry_drain, uniq_menkaure,
          uniq_crazy_yiuf_cottage
D:5:      layout_basic, mainiacjoe_overflow_large_starburst, uniq_duvessa,
          uniq_edmund
D:6:      minmay_opposing_rooms, layout_basic, makhleb_grotto_becter,
          lemuel_doored_altar, marbit_many_paths, uniq_prince_ribbit1
D:7:      layout_gridville, temple_statues, serial_shops,
          nicolae_shop_hallway_stairs
D:8:      layout_basic, nicolae_ashenzari_skybound
D:9:      layout_basic, kb_xom_exploding_sheep, minmay_lindwurm_lava
D:10:     layout_loops_ring, tso_oasis_becter, uniq_erica
D:11:     layout_cave_pods, david_lair_generic
Temple:   eino_temple_water
Lair:1:   layout_cave_pods, lemuel_fruit_fields
Lair:2:   layout_small_grid, minmay_swamp_entry_reptiles,
          spider_nest_entry_rubble, lemuel_fruit_fields, uniq_gastronok
Lair:3:   layout_loops_ring, serial_bayou_shore_b
Lair:4:   layout_roguey, slime_entry_1, grunt_megastairs_1,
          infiniplex_staircase_pool
Spider:1: layout_cave_pods

Skill      XL: |  1  2  3  4  5  6  7  8  9 10 11 12 13 |
---------------+----------------------------------------+-----
Stealth        | 2 3 4 5 6 8 9 11 13 14 | 14.8
Poison Magic   | 1 2 3 4 6 8 9 10 11 | 11.3
Fighting       | 1 2 3 4 5 7 8 9 |  9.4
Conjurations   | 1 2 3 |  3.0
Air Magic      | 1 2 3 |  3.0
Spellcasting   | 2 3 4 5 |  5.0
Fire Magic     | 1 2 3 |  3.0
Transmutations | 3 |  3.0
Translocations | 3 5 6 7 8 |  8.0
Shields        | 2 4 5 6 |  6.2
Staves         | 3 6 7 |  7.6
Evocations     | 3 4 5 |  5.4
Polearms       | |  5.0
Summonings     | |  2.0

Action                   |  1- 3 |  4- 6 |  7- 9 | 10-12 | 13-15 || total
-------------------------+-------+-------+-------+-------+-------++-------
Melee: Spear             |    38 |    42 |       |       |       ||    80
       Dagger            |       |   143 |   108 |   283 |    63 ||   597
       Punch             |       |     1 |     1 |     1 |       ||     3
       Staff             |       |       |       |    55 |       ||    55
       Scimitar          |       |       |       |     5 |     3 ||     8
       Constrict         |       |       |       |       |    10 ||    10
 Cast: Mephitic Cloud    |       |     6 |    12 |    71 |     4 ||    93
       Ignite Poison     |       |     2 |    35 |   105 |    10 ||   152
       Passage of Golubr |       |       |       |    13 |     6 ||    19
       Summon Small Mamm |       |       |       |     1 |       ||     1
Invok: Call Merchant     |       |       |       |     1 |       ||     1
 Abil: Spit Poison       |    39 |    37 |    31 |    30 |     1 ||   138
  Use: Scroll            |       |     8 |     5 |    12 |       ||    25
       Potion            |       |     1 |       |     1 |       ||     2
 Stab: Sleeping          |     6 |     2 |     3 |    10 |     1 ||    22
       Confused          |       |     3 |     5 |     9 |     1 ||    18
       Distracted        |       |       |       |     3 |     2 ||     5
Armor: Robe              |     1 |    84 |    75 |   112 |       ||   272
       Skin              |       |     2 |       |       |       ||     2
       Leather armour    |       |       |       |    70 |    36 ||   106
Dodge: Dodged            |    10 |    90 |    76 |   161 |    17 ||   354
Block: Kite shield       |       |       |       |   234 |    56 ||   290
